AoeStats
← Chrissaurio

Arabia

510958371Analyzed
2v2 RM · 13h ago on Oct 3, 2026· 56m 50s· 4 players
Game mode
Random Map
Map size
Medium (4 player)
Population
200
Speed
Normal
Resources
Standard
Victory
Conquest
Starting age
Dark Age
Ending age
Imperial Age
RankedLock teamsTeams togetherTeam positionsShared explorationLock speedFull tech treeHidden civsTurbo modeCheats
Victory
Defeat
🇲🇽 Teutons · Mexico
596
+14
🇲🇽 Persians · Mexico
577
+15
🇦🇺 Mongols · Australia
565
-15
🇦🇺 Mongols · Australia
557
-14
mcnuggets
15:56 Feudal Age
18:48 Double-Bit Axe
18:44 Horse Collar
25:50 Castle Age
27:13 Bow Saw
27:05 Heavy Plow
33:44 Imperial Age
32:30 Ballistics
35:47 Chemistry
36:58 Gold Mining
40:54 Gold Shaft Mining
40:12 Stone Mining
40:32 Elite Steppe Lancer
41:14 Fletching
41:25 Padded Archer Armor
42:42 Bodkin Arrow
43:04 Leather Archer Armor
42:25 Elite Mangudai
51:36 Hoardings
50:53 Capped Ram
53:10 Siege Ram
BEtUetetaetA
14:10 Feudal Age
16:30 Wheelbarrow
15:55 Double-Bit Axe
21:37 Forging
22:05 Fletching
24:31 Bloodlines
28:34 Scale Barding Armor
guacalover94
10:08 Feudal Age
12:59 Wheelbarrow
12:27 Horse Collar
14:23 Double-Bit Axe
20:40 Bloodlines
20:48 Scale Mail Armor
24:58 Forging
29:24 Castle Age
29:24 Light Cavalry
30:07 Husbandry
30:48 Iron Casting
30:29 Chain Mail Armor
30:17 Heavy Plow
32:35 Kamandaran
33:40 Fletching
33:52 Padded Archer Armor
33:58 Scale Barding Armor
34:48 Hand Cart
34:11 Crossbowman
36:24 Bow Saw
36:48 Bodkin Arrow
38:56 Elite Skirmisher
39:43 Thumb Ring
44:27 Imperial Age
48:33 Elite War Elephant
55:10 Loom
55:11 Town Watch
56:02 Crop Rotation
Chrissaurio
11:19 Feudal Age
11:50 Double-Bit Axe
11:47 Horse Collar
16:39 Scale Barding Armor
17:01 Loom
17:59 Bloodlines
23:36 Castle Age
25:04 Forging
26:07 Bow Saw
25:58 Heavy Plow
29:12 Wheelbarrow
29:31 Pikeman
29:43 Man-at-Arms
30:29 Gold Mining
32:58 Ironclad
34:01 Squires
33:48 Arson
34:45 Iron Casting
35:59 Chain Barding Armor
35:23 Elite Skirmisher
42:11 Imperial Age
39:58 Hand Cart
41:16 Fletching
41:27 Padded Archer Armor
43:23 Conscription
43:02 Bodkin Arrow
43:22 Leather Archer Armor
45:03 Ballistics
45:44 Chemistry
44:17 Cavalier
45:40 Crop Rotation
46:21 Two-Man Saw
46:31 Ring Archer Armor
47:11 Crenellations
Connection lost

Rejoining the realm…

Still unreachable

The connection could not be restored.

Session expired

The server has moved on; the page needs a fresh start.